 Dungeon Crawl Stone Soup version 0.31-a0-700-gf13585253f (webtiles) character file.

Game seed: 1223314970717869194

430 qw the Shooter (level 6, -3/38 HPs)
             Began as a Gargoyle Hunter on Sept 7, 2023.
             Slain by Duvessa
             ... wielding a +0 rapier
              (6 damage)
             ... on level 5 of the Dungeon.
             The game lasted 00:01:15 (4059 turns).

qw the Shooter (Gargoyle Hunter)                    Turns: 4059, Time: 00:01:15

Health: -3/38      AC: 12    Str: 13 (15) XL:     6   Next: 99%
Magic:  6/6        EV: 10    Int:  8 (9)  God:
Gold:   217        SH:  0    Dex: 14 (15) Spells: 5/5 levels left

rFire   . . .        Y - +1 shortbow
rCold   . . .        (shield currently unavailable)
rNeg    + . .        e - +0 ring mail
rPois   inf          f - +2 hat
rElec   +            (no cloak)
rCorr   .            (no gloves)
SInv    .            b - +0 pair of boots
Will    .....        (no amulet)
Stlth   +            (no ring)
HPRegen 0.26/turn    (no ring)
MPRegen 0.10/turn

%: no passive effects
@: about to teleport
A: sickness immunity, AC +4, negative energy resistance 1, electricity
resistance, torment resistance 1, petrification resistance
a: no special abilities


You were on level 5 of the Dungeon.
You visited 1 branch of the dungeon, and saw 5 of its levels.

You collected 217 gold pieces.


Innate Abilities, Weirdness & Mutations

You are immune to sickness and miasma.
Your stone body is resilient. (AC +4)
You are immune to poison.
You resist negative energy. (rN+)
You are resistant to electric shocks. (rElec)
You are resistant to unholy torment.
You are immune to petrification.


   Skills:
 - Level 4.0 Fighting
 + Level 7.2 Ranged Weapons
 - Level 1.6 Armour
 - Level 1.5 Dodging
 - Level 1.1 Stealth


You had 5 spell levels left.
You didn't know any spells.
Your spell library was empty.

Inventory:

Hand Weapons
 Y - a +1 shortbow (weapon)
Armour
 b - a +0 pair of boots (worn)
 e - a +0 ring mail (worn)
 f - a +2 hat (worn)
Jewellery
 d - a ring of fire
Scrolls
 a - a scroll of identify
 c - a scroll of enchant armour {unknown}
Potions
 h - a potion of enlightenment
 i - a potion of curing
 m - a potion of mutation
 o - a potion of cancellation {unknown}

Dungeon Overview and Level Annotations

Branches:
Dungeon (5/15)
 Temple: D:4-7

Altars:
Cheibriados
Yredelemnul

Shops:
D:1 [

Annotations:
D:5 Dowan, Duvessa


Message History

You shoot an arrow.
The arrow hits Duvessa but does no damage.
Duvessa is moderately wounded.
Duvessa hits you with a +0 rapier.
You shoot an arrow. The arrow hits Duvessa.
Duvessa is heavily wounded.
Duvessa hits you with a +0 rapier.
Dowan gestures at Duvessa while chanting.
Duvessa seems to speed up.
You shoot an arrow. The arrow completely misses Duvessa.
The arrow hits Dowan.
Dowan is moderately wounded.
Duvessa hits you with a +0 rapier! Duvessa hits you with a +0 rapier.
You shoot an arrow.
The arrow hits Duvessa but does no damage.
Duvessa is heavily wounded.
Duvessa barely misses you. Duvessa hits you with a +0 rapier.
You shoot an arrow.
The arrow hits Duvessa but does no damage.
Duvessa is heavily wounded.
Duvessa closely misses you.
You shoot an arrow. The arrow hits Duvessa.
Duvessa is heavily wounded.
Duvessa gestures with her weapon.
Duvessa closely misses you. Duvessa hits you with a +0 rapier!
4056 ||| READING scroll of teleportation.
As you read the scroll of teleportation, it crumbles to dust.
You feel strangely unstable. Duvessa hits you with a +0 rapier.
Dowan mumbles some strange words.
Dowan blinks!
You shoot an arrow. The arrow hits Duvessa.
Duvessa is severely wounded.
Duvessa hits you but does no damage. x2
You shoot an arrow. The arrow hits Duvessa.
Duvessa is severely wounded.
Duvessa hits you with a +0 rapier. x2
You shoot an arrow. The arrow hits Duvessa.
Duvessa is severely wounded.
Duvessa hits you with a +0 rapier.
You die...

###.# ..# #.# ....#
##### #.# ##### .<
#.# #. #.# #. #.# #.
#.# #. #.# #
.#####e##########.###
.
.......e@...........#
#
######.##############
#. # #. . e. # #. #.
#.


You could see Duvessa (fast) and Dowan.

Vanquished Creatures
  An ogre (D:4)
  2 jellies
  A hound (D:4)
  An iguana (D:4)
  Ijyb (D:4)
  An orc wizard (D:4)
  3 adders
  7 gnolls
  3 worms
  10 orcs
  2 bats (D:2)
  4 endoplasms
  2 giant cockroaches
  7 goblins
  8 hobgoblins
  5 kobolds
  5 quokkas
  5 ball pythons
  A frilled lizard (D:2)
  4 rats
73 creatures vanquished.

Notes
Turn   | Place    | Note
-------+----------+-------------------------------------------
     0 | D:1      | qw the Gargoyle Hunter began the quest for the Orb.
     0 | D:1      | Reached XP level 1. HP: 12/12 MP: 1/1
     0 | D:1      | 0 ||| qw: Version: 0.3-a-76-g4403597
     0 | D:1      | 0 ||| qw: Game counter: 632
     0 | D:1      | 0 ||| qw: Melee chars always use a shield: true
     0 | D:1      | 0 ||| qw: God list: Okawaru
     0 | D:1      | 0 ||| qw: Allow faded altars: false
     0 | D:1      | 0 ||| qw: Do Orc after clearing Dungeon:15 true
     0 | D:1      | 0 ||| qw: Do second Lair branch before Depths: true
     0 | D:1      | 0 ||| qw: Lair rune preference: random
     0 | D:1      | 0 ||| qw: Goals: Normal
     0 | D:1      | 0 ||| PLANNING D:1-11
   345 | D:1      | Found Ajie's Armour Shoppe.
   351 | D:1      | 351 ||| SHOPLISTING +0 pair of boots (45 gold, have 27).
   351 | D:1      | 351 ||| SHOPLISTING +0 pair of gloves of infusion (115
                  | gold, have 27).
   499 | D:1      | Reached XP level 2. HP: 12/17 MP: 2/2
   919 | D:1      | 919 ||| UPGRADING to +0 ring mail.
   929 | D:1      | 929 ||| DROPPING +0 leather armour.
   930 | D:1      | 930 ||| UPGRADING to +2 hat.
   935 | D:1      | 935 ||| DROPPING ring of magical power.
   936 | D:1      | 936 ||| READING 2 scrolls labelled KARASK HOIDU.
   937 | D:1      | 937 ||| READING scroll labelled DOACLU EMEDY.
   938 | D:1      | 938 ||| READING scroll labelled COF REIJ ZIRGHY.
   939 | D:1      | 939 ||| READING scroll labelled YGGOUV XOLYTZ.
   942 | D:1      | 942 ||| READING scroll labelled BUREUM GAXITZ.
   943 | D:1      | 943 ||| DROPPING scroll of butterflies.
  1030 | D:2      | Reached skill level 1 in Armour
  1037 | D:2      | Reached XP level 3. HP: 21/21 MP: 3/3
  1142 | D:2      | 1142 ||| RETREATING.
  1145 | D:2      | Reached skill level 5 in Ranged Weapons
  1152 | D:2      | Reached XP level 4. HP: 16/27 MP: 4/4
  1231 | D:2      | Found a snail-covered altar of Cheibriados.
  1350 | D:2      | Reached skill level 3 in Fighting
  1729 | D:2      | 1729 ||| UPGRADING to +0 pair of boots.
  1734 | D:2      | 1734 ||| READING scroll labelled OXZUUFRODO.
  1735 | D:2      | 1735 ||| READING scroll labelled OKLIMP DIAGUJU.
  1736 | D:2      | 1736 ||| READING scroll labelled USSOATT ZUDGHE.
  1737 | D:2      | 1737 ||| READING 2 scrolls of identify.
  1737 | D:2      | 1737 ||| IDENTIFYING smoky cyan potion
  1738 | D:2      | 1738 ||| DROPPING potion of ambrosia.
  2306 | D:3      | 2306 ||| READING 2 scrolls of identify.
  2306 | D:3      | 2306 ||| IDENTIFYING green potion
  2307 | D:3      | 2307 ||| DROPPING potion of invisibility.
  2311 | D:4      | Noticed Ijyb
  2320 | D:4      | Killed Ijyb
  2321 | D:4      | Reached XP level 5. HP: 28/32 MP: 5/5
  2321 | D:4      | 2321 ||| STAIRDANCE
  2483 | D:4      | Found a basalt altar of Yredelemnul.
  2511 | D:4      | Reached skill level 6 in Ranged Weapons
  2756 | D:4      | Reached XP level 6. HP: 34/38 MP: 6/6
  3075 | D:4      | 3075 ||| FLEEEEING.
  3076 | D:4      | 3076 ||| FLEEEEING.
  3077 | D:4      | 3077 ||| FLEEEEING.
  3078 | D:4      | 3078 ||| FLEEEEING.
  3079 | D:4      | 3079 ||| FLEEEEING.
  3080 | D:4      | 3080 ||| FLEEEEING.
  3081 | D:4      | 3081 ||| FLEEEEING.
  3082 | D:4      | 3082 ||| FLEEEEING.
  3083 | D:4      | 3083 ||| FLEEEEING.
  3799 | D:4      | 3799 ||| DRINKING 2 coppery potions.
  3800 | D:4      | 3800 ||| DRINKING 2 brown potions.
  3801 | D:4      | 3801 ||| READING 3 scrolls of identify.
  3801 | D:4      | 3801 ||| IDENTIFYING glowing green potion
  3802 | D:4      | 3802 ||| READING 2 scrolls of identify.
  3802 | D:4      | 3802 ||| IDENTIFYING sedimented black potion
  3803 | D:4      | 3803 ||| DROPPING potion of degeneration.
  3830 | D:5      | Entered Level 5 of the Dungeon
  3834 | D:5      | Reached skill level 7 in Ranged Weapons
  4039 | D:5      | Noticed Duvessa
  4040 | D:5      | Noticed Dowan
  4042 | D:5      | 4042 ||| Stepping ~*~*~tactically~*~*~ (retreating).
  4055 | D:5      | HP: 9/38 [Duvessa/+0 rapier (7)]
  4056 | D:5      | 4056 ||| READING scroll of teleportation.
  4058 | D:5      | HP: 2/38 [Duvessa/+0 rapier (3)]
  4059 | D:5      | Slain by Duvessa

Levels and vault maps discovered:
D:1:      ncdulo_halloftheorcs, layout_basic, serial_shops,
          nicolae_shop_waterfront, lemuel_flame_loot_1
D:2:      layout_loops_ring, basic_altar
D:3:      layout_rooms, serial_forest, infiniplex_forest_clump_large,
          infiniplex_forest_corner_1, infiniplex_forest_corner_1,
          infiniplex_forest_clump_small, infiniplex_forest_end_2,
          infiniplex_forest_lined_room_3, infiniplex_forest_clump_diagonal,
          minivault_23, nicolae_twisty_statue_hallways
D:4:      layout_layer_cave, yredelemnul_altar_generic, kennysheep_small_spiral,
          uniq_ijyb
D:5:      layout_basic, uniq_duvessa

Skill      XL: |  1  2  3  4  5  6 |
---------------+-------------------+-----
Armour         | 1 |  1.6
Ranged Weapons | 5 6 7 |  7.2
Fighting       | 3 4 |  4.0
Dodging        | |  1.5
Stealth        | |  1.1

Action                     |  1- 3 |  4- 6 || total
---------------------------+-------+-------++-------
   Fire: Shortbow          |    67 |   230 ||   297
    Use: Scroll            |     5 |     8 ||    13
         Potion            |       |     2 ||     2
 Armour: Leather armour    |     9 |       ||     9
         Ring mail         |    13 |   104 ||   117
  Dodge: Dodged            |    22 |    83 ||   105

Table legend:
 A = Non-vault XP
 B = Vault XP
 C = Vault XP percentage of total XP
 D = Non-vault monster count
 E = Vault monster count
 F = Vault count percentage of total count
                 A         B        C        D         E       F
            +---------+---------+-------+---------+---------+-------
      Total |     579 |      36 |   5.9 |      72 |       1 |   1.4
            +---------+---------+-------+---------+---------+-------
        D:1 |      11 |       0 |   0.0 |       6 |       0 |   0.0
        D:2 |     117 |       0 |   0.0 |      30 |       0 |   0.0
        D:3 |       9 |       0 |   0.0 |       5 |       0 |   0.0
        D:4 |     378 |      36 |   8.7 |      28 |       1 |   3.4
        D:5 |      64 |       0 |   0.0 |       3 |       0 |   0.0
            +---------+---------+-------+---------+---------+-------
